 Dungeon Crawl Stone Soup version 0.29.1-1-gd02db6906a (webtiles) character file.

Game seed: 18409568829322195183

130 mtoz the Cudgeller (level 5, 0/32 (37) HPs)
             Began as a Gnoll Wanderer on Sept 20, 2022.
             Was a Believer of Trog.
             Slain by a black bear (1 damage)
             ... on level 4 of the Dungeon.
             The game lasted 00:09:10 (3001 turns).

mtoz the Cudgeller (Gnoll Wanderer)                 Turns: 3001, Time: 00:09:10

HP:   0/32 (37)     AC:  4    Str: 14    XL:     5   Next: 14%
MP:   12/12         EV: 11    Int: 10    God:    Trog [**....]
Gold: 172           SH:  5    Dex: 12    Spells: 13/14 levels left

rFire   . . .      SeeInvis .   r - +2 hand axe (elec)
rCold   . . .      Faith    .   (no shield)
rNeg    . . .      Spirit   .   o - +0 ring mail
rPois   .          Reflect  +   u - +0 helmet
rElec   .          Harm     .   (no cloak)
rCorr   .          Rampage  .   b - +0 pair of gloves
Will    .....                   e - +0 pair of boots
Stlth   +.........              t - amulet of reflection
HPRegen 0.10/turn               (no ring)
MPRegen 0.13/turn               (no ring)

@: corroded, heavily drained
A: fangs 1, strong nose, distributed training
a: Renounce Religion, Berserk, Trog's Hand


You were on level 4 of the Dungeon.
You worshipped Trog.
Trog was pleased with you.
You visited 1 branch of the dungeon, and saw 4 of its levels.

You collected 172 gold pieces.

Inventory:

Hand Weapons
 a - a +2 mace
 f - a +0 whip
 h - a +0 rapier
 i - a +0 mace
 p - a +0 dagger of venom
 r - a +2 hand axe of electrocution (weapon)
 B - a +0 short sword
 F - a +2 short sword of speed
 I - a +0 falchion
Missiles
 k - 28 stones (quivered)
 n - 3 poisoned darts
 x - 3 javelins
Armour
 b - a +0 pair of gloves (worn)
 d - a +0 leather armour
 e - a +0 pair of boots (worn)
 o - a +0 ring mail (worn)
 q - a +0 tower shield
 u - a +0 helmet (worn)
 C - a +0 kite shield
Jewellery
 t - an amulet of reflection (around neck)
 v - a ring of resist corrosion
Scrolls
 c - 3 scrolls of blinking
 j - 2 scrolls of magic mapping {unknown}
 l - a scroll of immolation {unknown}
 m - 3 scrolls of identify {unknown}
 s - 2 scrolls of enchant weapon {unknown}
 y - a scroll of enchant armour {unknown}
 z - a scroll of poison {unknown}
 A - a scroll of butterflies {unknown}
 E - 3 scrolls of noise {unknown}
 G - a scroll of acquirement {unknown}
Potions
 g - a potion of curing {unknown}
 w - a potion of brilliance {unknown}
 D - a potion of flight {unknown}
 H - a potion of heal wounds {unknown}
 J - a potion of attraction {unknown}


   Skills:
 + Level 1.4 Fighting
 + Level 1.4 Short Blades
 + Level 1.4 Long Blades
 + Level 1.4 Axes
 + Level 6.7 Maces & Flails
 + Level 1.4 Polearms
 + Level 1.4 Staves
 + Level 1.4 Ranged Weapons
 + Level 4.7 Throwing
 + Level 1.4 Armour
 + Level 2.9 Dodging
 + Level 2.7 Stealth
 + Level 1.4 Shields
 + Level 1.4 Unarmed Combat
 + Level 5.2 Spellcasting
 + Level 1.1 Conjurations
 + Level 1.1 Hexes
 + Level 1.1 Summonings
 + Level 2.3 Necromancy
 + Level 1.1 Translocations
 + Level 1.1 Transmutations
 + Level 1.1 Fire Magic
 + Level 1.1 Ice Magic
 + Level 1.1 Air Magic
 + Level 1.1 Earth Magic
 + Level 1.1 Poison Magic
 + Level 1.6 Invocations
 + Level 1.4 Evocations


You had 13 spell levels left.
You knew the following spells:

 Your Spells              Type           Power      Damage    Failure   Level
a - Necrotise             Necr           28%        1d5       17%         1

Your spell library contained the following spells:

 Spells                   Type           Power      Damage    Failure   Level
 Vampiric Draining        Necr           7%         2d6       45%         3
 Frozen Ramparts          Ice            8%         1d2       65%         3
 Ice Form                 Ice/Tmut       4%         N/A       96%         4
 Summon Ice Beast         Ice/Summ       4%         N/A       96%         4


Dungeon Overview and Level Annotations

Branches:
Dungeon (4/15)
 Temple: D:4-7

Altars:
Okawaru
Trog

Annotations:
D:4 Grinder


Innate Abilities, Weirdness & Mutations

You have very sharp teeth.
Your uncanny sense of smell can sniff out nearby items.
Your experience applies equally to all skills.


Message History

You slash the worm!
You kill the worm!
Trog accepts your kill.
You hit the white imp. You block the white imp's attack.
The kobold throws a stone.
The stone closely misses you.
You barely miss the white imp.
The white imp is lightly wounded.
You barely miss Grinder.
A quokka comes into view.
The white imp hits you but does no damage.
Grinder gestures at you.
You suddenly lose the ability to move!
The quokka moves out of view.
The white imp gestures at you. The puff of frost hits you.
An iguana comes into view.
The kobold hits you but does no damage.
You feel drained.
Grinder blinks!
The endoplasm freezes you.
You are frozen.
The iguana hisses angrily.
The white imp hits you. The white imp freezes you.
The kobold hits you with a +2 dagger of draining.
You feel drained. Grinder hits you.
You writhe in agony.
The endoplasm hits you but does no damage.
The white imp hits you but does no damage.
Grinder hits you but does no damage.
The kobold hits you with a +2 dagger of draining.
You feel drained.
An orc comes into view. It is wielding a +0 dagger.
The orc shouts!
The kobold hits you but does no damage.
You feel drained. The white imp gestures at you. The puff of frost hits you!
Grinder hits you but does no damage.
You can move again.
The kobold hits you but does no damage.
You feel drained.
The white imp hits you but does no damage.
The jelly hits you. The acid corrodes you!
You are splashed with acid!
* * * LOW HITPOINT WARNING * * *
Grinder hits you but does no damage. You block the black bear's attack. x2
The black bear claws you.
You die...

.##. #. #.....
..# ##... . .
..... .##
##..).##. #.
#.... .#
#........ . ∆
........#
........##
.........
.[....h.#
.....K5@#
.?....JK5#
#....h.J...
##..l........
#o#......⌠.....
r #.....#.#....
#...........#
.............


You could see Grinder, a black bear, a howler monkey, an iguana, a jelly, a
white imp, an orc, an endoplasm, a quokka and 2 kobolds.

Vanquished Creatures
  An iguana (D:4)
  An adder (D:3)
  2 worms
  2 dart slugs
  9 orcs
  8 bats
  6 endoplasms
  3 giant cockroaches
  9 goblins
  3 hobgoblins
  6 jackals
  2 quokkas (D:3)
  A ball python (D:1)
  5 frilled lizards
  7 kobolds
  5 rats
70 creatures vanquished.

Notes
Turn   | Place    | Note
-------+----------+-------------------------------------------
     0 | D:1      | mtoz the Gnoll Wanderer began the quest for the Orb.
     0 | D:1      | mtoz set off with the following items: a +2 mace, a +0 pair
                  | of gloves, a scroll of blinking, a +0 leather armour; and
                  | the following spell memorised: Necrotise; and the following
                  | spells available to memorise: Vampiric Draining.
     0 | D:1      | Reached XP level 1. HP: 13/13 MP: 6/6
   383 | D:1      | Reached XP level 2. HP: 16/19 MP: 3/7
   979 | D:1      | Reached skill level 5 in Spellcasting
   979 | D:1      | Reached XP level 3. HP: 23/25 MP: 7/9
  1559 | D:2      | Reached skill level 1 in Invocations
  1688 | D:2      | Found a faded altar of an unknown god.
  1691 | D:2      | Prayed at the altar of an unknown god.
  1691 | D:2      | Became a worshipper of Trog the Wrathful
  1691 | D:2      | Reached * piety under Trog
  1891 | D:3      | Reached skill level 1 in Fighting
  1891 | D:3      | Reached skill level 1 in Short Blades
  1891 | D:3      | Reached skill level 1 in Long Blades
  1891 | D:3      | Reached skill level 1 in Axes
  1891 | D:3      | Reached skill level 1 in Polearms
  1891 | D:3      | Reached skill level 1 in Staves
  1891 | D:3      | Reached skill level 1 in Ranged Weapons
  1891 | D:3      | Reached skill level 1 in Armour
  1891 | D:3      | Reached skill level 1 in Shields
  1891 | D:3      | Reached skill level 1 in Unarmed Combat
  1891 | D:3      | Reached skill level 1 in Evocations
  1998 | D:3      | Found an iron altar of Okawaru.
  2004 | D:3      | Reached XP level 4. HP: 30/32 MP: 11/11
  2240 | D:3      | Found a bloodstained altar of Trog.
  2313 | D:3      | Reached ** piety under Trog
  2314 | D:3      | Reached skill level 1 in Conjurations
  2314 | D:3      | Reached skill level 1 in Hexes
  2314 | D:3      | Reached skill level 1 in Summonings
  2314 | D:3      | Reached skill level 1 in Translocations
  2314 | D:3      | Reached skill level 1 in Transmutations
  2314 | D:3      | Reached skill level 1 in Fire Magic
  2314 | D:3      | Reached skill level 1 in Ice Magic
  2314 | D:3      | Reached skill level 1 in Air Magic
  2314 | D:3      | Reached skill level 1 in Earth Magic
  2314 | D:3      | Reached skill level 1 in Poison Magic
  2987 | D:4      | Noticed Grinder
  2992 | D:4      | Reached XP level 5. HP: 37/37 MP: 12/12
  2993 | D:4      | Noticed a black bear
  2996 | D:4      | Paralysed by Grinder for 5 turns
  3001 | D:4      | HP: 1/32 [acid (9)]
  3001 | D:4      | Slain by a black bear

Illustrated notes

Levels and vault maps discovered:
D:1:      matt_arrival_grand_opening, layout_basic, dreamdust_princess_bridge
D:2:      layout_loops_ring, shapermc_ecumenical_altar_mp_urbaneastern
D:3:      minmay_chambers_of_twos, layout_loops_ring, lemuel_tele_altar,
          okawaru_gym_becter
D:4:      layout_cave_pools, hangedman_feature_mirror, minmay_manual_mail,
          uniq_grinder

Skill      XL: |  1  2  3  4 |
---------------+-------------+-----
Necromancy     | 2 |  2.3
Spellcasting   | 5 |  5.2
Invocations    | 1 |  1.6
Fighting       | 1 |  1.4
Short Blades   | 1 |  1.4
Long Blades    | 1 |  1.4
Axes           | 1 |  1.4
Polearms       | 1 |  1.4
Staves         | 1 |  1.4
Ranged Weapons | 1 |  1.4
Armour         | 1 |  1.4
Shields        | 1 |  1.4
Unarmed Combat | 1 |  1.4
Evocations     | 1 |  1.4
Conjurations   | 1 |  1.1
Hexes          | 1 |  1.1
Summonings     | 1 |  1.1
Translocations | 1 |  1.1
Transmutations | 1 |  1.1
Fire Magic     | 1 |  1.1
Ice Magic      | 1 |  1.1
Air Magic      | 1 |  1.1
Earth Magic    | 1 |  1.1
Poison Magic   | 1 |  1.1
Maces & Flails | |  6.7
Throwing       | |  4.7
Dodging        | |  2.9
Stealth        | |  2.7

Action                   |  1- 3 |  4- 6 || total
-------------------------+-------+-------++-------
Melee: Mace              |    38 |       ||    38
       Bite              |     6 |     3 ||     9
       Hand axe          |    60 |    66 ||   126
       Punch             |     1 |       ||     1
Throw: Stone             |    13 |       ||    13
 Cast: Necrotise         |    15 |       ||    15
 Stab: Sleeping          |       |     1 ||     1
Armor: Leather armour    |    31 |       ||    31
       Ring mail         |    18 |    34 ||    52
Dodge: Dodged            |    57 |    27 ||    84
Block: Other             |    12 |    19 ||    31
       Reflection        |       |     1 ||     1
